 Dungeon Crawl Stone Soup version 0.22-a0-877-g5c4e1af (webtiles) character file.

12879 prawnwizard the Carver (level 11, -5/135 HPs)
             Began as a Demonspawn Gladiator on July 29, 2018.
             Was a Believer of Ru.
             Asphyxiated
             ... on level 2 of the Lair of Beasts.
             The game lasted 00:26:03 (12559 turns).

prawnwizard the Carver (Demonspawn Gladiator)      Turns: 12559, Time: 00:26:05

Health: -5/135     AC: 19    Str: 26    XL:     11   Next: 68%
Magic:  0/11       EV: 13    Int: 11    God:    Ru [**....]
Gold:   775        SH:  0    Dex: 24    Spells: 10/10 levels left

rFire    . . .     SeeInvis .   M - +4 great sword (slice)
rCold    + . .     Gourm    .   (shield currently unavailable)
rNeg     . . .     Faith    .   q - +0 plate armour
rPois    .         Spirit   +   c - +1 helmet
rElec    +         Reflect  .   E - scarf {Spirit}
rCorr    .         Harm     .   j - +0 pair of gloves
MR       +....                  o - +1 pair of boots "Wuekad" {Int+2 Dex+5}
Stlth    ..........             S - amulet of Optimism {+Rage rElec Str+4 Dex+3}
HPRegen  0.32/turn              A - ring of protection from magic
MPRegen  0.12/turn              (no ring)

@: berserking, lethally poisoned (-5 -> -26), no potions, slowed
A: icy blue scales 3, powered by death 1, spiny 1, inability to drink while
threatened, hated by all
a: Renounce Religion, Evoke Berserk Rage


You were on level 2 of the Lair of Beasts.
You worshipped Ru.
Ru was pleased with you.
You were not hungry.

You visited 2 branches of the dungeon, and saw 13 of its levels.
You visited the Abyss 1 time.

You collected 775 gold pieces.

Inventory:

Hand Weapons
 a - a +0 long sword
 M - a +4 great sword of slicing (weapon)
 N - a +2 great sword
 Q - a +4 long sword
Missiles
 d - 5 throwing nets (quivered)
 K - 4 poisoned tomahawks
Armour
 c - a +1 helmet (worn)
 j - a +0 pair of gloves (worn)
 o - the +1 pair of boots "Wuekad" (worn) {Int+2 Dex+5}
   (You found it on level 4 of the Dungeon)

   It affects your intelligence (+2).
   It affects your dexterity (+5).
 q - a +0 plate armour (worn)
 E - a scarf of spirit shield (worn)
Jewellery
 t - an uncursed amulet of faith
 v - an uncursed amulet of the gourmand
 w - the amulet "Kebeoret" {Spirit rF- rN+ Int+7}
   (You found it on level 8 of the Dungeon)

   [amulet of guardian spirit]

   It causes incoming damage to be split between your health and magic.
   It affects your intelligence (+7).
   It makes you vulnerable to fire.
   It protects you from negative energy.
 A - a ring of protection from magic (left hand)
 S - the amulet of Optimism (around neck) {+Rage rElec Str+4 Dex+3}
   (You found it on level 11 of the Dungeon)

   [amulet of rage]

   It affects your strength (+4).
   It affects your dexterity (+3).
   It insulates you from electricity.
   It lets you go berserk.
Wands
 g - a wand of digging (15)
 l - a wand of flame (16)
 u - a wand of polymorph (23)
 F - a wand of random effects (25)
 P - a wand of iceblast (10)
 T - a wand of disintegration (6)
Scrolls
 h - 2 scrolls of brand weapon
 p - 4 scrolls of remove curse
 C - a scroll of enchant armour
 D - 4 scrolls of teleportation
 H - 2 scrolls of fear
 J - a scroll of fog
Potions
 b - a potion of heal wounds {unknown}
 e - a potion of ambrosia {unknown}
 i - 2 potions of degeneration
 k - 8 potions of curing
 m - 5 potions of agility
 n - 5 potions of lignification
 r - 2 potions of brilliance
 s - 2 potions of flight
 z - 2 potions of magic
 I - a potion of might {unknown}
Comestibles
 f - 11 rations


   Skills:
 + Level 9.7 Fighting
 * Level 12.3 Long Blades
 - Level 1.7 Throwing
 + Level 9.2 Dodging


You had 10 spell levels left.
You didn't know any spells.
Your spell library contained the following spells:

 Spells                   Type           Power        Failure   Level  Hunger
 Lightning Bolt           Conj/Air       #.........   100%        5    ######.
 Summon Small Mammal      Summ           #...         99%         1    ##.....
 Animate Dead             Necr           N/A          100%        4    #####..
 Summon Ice Beast         Ice/Summ       #.......     100%        4    #####..
 Call Imp                 Summ           #.......     100%        2    ###....
 Shock                    Conj/Air       #...         99%         1    ##.....
 Swiftness                Chrm/Air       #.......     100%        2    ###....
 Recall                   Summ/Tloc      N/A          100%        3    ####...
 Statue Form              Tmut/Erth      #........    100%        6    #######
 Dragon Form              Tmut           #.........   100%        7    #######
 Death Channel            Necr           #.........   100%        6    #######
 Airstrike                Air            #.........   100%        4    #####..
 Call Canine Familiar     Summ           #.......     100%        3    ####...
 Static Discharge         Conj/Air       #.......     100%        3    ####...
 Simulacrum               Ice/Necr       #.........   100%        6    #######
 Summon Lightning Spire   Summ/Air       #.......     100%        4    #####..
 Summon Guardian Golem    Hex/Summ       #.......     100%        3    ####...
 Hydra Form               Tmut           #.........   100%        6    #######
 Irradiate                Conj/Tmut      #.........   100%        5    ######.
 Borgnjor's Vile Clutch   Necr/Erth      #.........   100%        5    ######.


Dungeon Overview and Level Annotations

Branches:
Dungeon (11/15)            Temple (0/1) D:5            Lair (2/6) D:10
  Swamp: Lair:2-4    Shoals: Lair:2-4     Snake: Lair:2-4    Spider: Lair:2-4
    Orc: D:9-12

Altars:
Cheibriados
Dithmenos
Fedhas
Hepliaklqana
Qazlal
Ru
Trog
Vehumet
Wu Jian
The Shining One

Shops:
D:4 ((   D:5 %?*

Annotations:
D:7 3 runed doors, Orthose's ghost, novice MiFi
D:11 Josephine
Lair:2 Sonja


Innate Abilities, Weirdness & Mutations

You are completely covered in icy blue scales. (AC +4, rC+)
You regenerate a little health from kills.
You are partially covered in sharp spines.
You cannot drink potions while threatened.
You are hated by all.


Message History

The bone dragon is moderately damaged.
* * * LOW HITPOINT WARNING * * *
You feel sick.
You redirect Sonja's attack!
The bone dragon bites you but does no damage.
The bone dragon closely misses you.
The bone dragon tramples you but does no damage.
Your plate armour prevents you from hitting the bone dragon.
The bone dragon is moderately damaged.
* * * LOW HITPOINT WARNING * * *
You feel sick.
Sonja begins to cast a spell, but is stunned by your will!
The bone dragon bites you.
* * * LOW HITPOINT WARNING * * *
The bone dragon claws you but does no damage.
The bone dragon completely misses you.
Sonja shoots a curare-tipped needle.
The curare-tipped needle hits you.
You are more poisoned.
You have difficulty breathing.
You die...

P#.P#....<....#
.........^###...#
##.#..P.P## ..
####[..# #..
.#####...##PP..
P..............
..##....K####..
###..## ###.PP@D#
#......##
#..PP#..#
#..###..## ##.
##...# . #(#..#
##...####
#..#รท..##..
##........#


You could see a bone dragon and Sonja.

Vanquished Creatures
  A two-headed ogre (D:9)
  A thrashing horror (Abyss:1)
  An unseen horror (Abyss:1)
  4 spiny frogs
  An orange demon (Abyss:1)
  A komodo dragon (Lair:1)
  A troll (D:10)
  A hornet (D:6)
  Grinder (D:3)
  2 blink frogs
  A raiju (Abyss:1)
  2 hippogriffs
  17 yaks
  3 wraiths
  A hungry ghost (D:10)
  A basilisk (Lair:2)
  A chaos spawn (Abyss:1)
  3 water moccasins
  2 hell hounds
  A sky beast (D:5)
  3 ogres
  A phantom (D:8)
  A centaur (D:8)
  6 crocodiles
  A small abomination (Abyss:1)
  7 bullfrogs
  4 scorpions
  4 killer bees (D:10)
  3 water moccasin skeletons
  9 wights
  3 howler monkeys
  5 crimson imps (D:6)
  8 hounds
  A quasit (D:8)
  3 orc priests
  A bullfrog skeleton (D:6)
  2 centaur skeletons
  A gnoll shaman (D:8)
  3 jellies
  10 orc wizards
  Jessica (D:2)
  4 iguanas
  9 worker ants
  2 hound skeletons
  Robin (D:3)
  A howler monkey skeleton (D:9)
  4 adders
  12 gnolls
  An ooze (D:4)
  An adder zombie (D:5)
  4 adder skeletons
  A worm (D:2)
  3 leopard geckos
  28 orcs
  7 giant cockroaches
  6 goblins
  13 hobgoblins
  2 jackals (D:6)
  8 kobolds
  4 quokkas
  2 ball pythons
  4 bats
  7 frilled lizards
  5 rats
252 creatures vanquished.

Vanquished Creatures (others)
  A yak (D:10)
  A water moccasin (Lair:1)
  3 fungi (Lair:2)
  A plant (Lair:2)
6 creatures vanquished.

Grand Total: 258 creatures vanquished

Notes
Turn   | Place    | Note
-------+----------+-------------------------------------------
     0 | D:1      | prawnwizard the Demonspawn Gladiator began the quest for the Orb.
     0 | D:1      | Reached XP level 1. HP: 16/16 MP: 1/1
   152 | D:1      | Reached skill level 3 in Long Blades
   204 | D:1      | Gained mutation: You are partially covered in sharp spines. [demonic ancestry]
   204 | D:1      | Reached XP level 2. HP: 22/22 MP: 2/2
   919 | D:2      | Gained mutation: You are partially covered in icy blue scales. (AC +2) [demonic ancestry]
   919 | D:2      | Reached XP level 3. HP: 28/28 MP: 3/3
   930 | D:2      | Found a snail-covered altar of Cheibriados.
   963 | D:2      | Found a hazy altar of Hepliaklqana.
  1069 | D:2      | Noticed Jessica
  1079 | D:2      | Killed Jessica
  1148 | D:2      | Gained mutation: You are mostly covered in icy blue scales. (AC +3) [demonic ancestry]
  1148 | D:2      | Reached XP level 4. HP: 23/34 MP: 4/4
  1476 | D:3      | Found a bloodstained altar of Trog.
  1637 | D:3      | Found a sacrificial altar of Ru.
  1638 | D:3      | Noticed Grinder
  1652 | D:3      | Paralysed by Grinder for 7 turns
  1661 | D:3      | Killed Grinder
  1661 | D:3      | Reached skill level 4 in Long Blades
  1661 | D:3      | Reached XP level 5. HP: 19/41 MP: 5/5
  1666 | D:3      | Reached XP level 6. HP: 23/47 MP: 6/6
  1926 | D:3      | Became a worshipper of Ru the Awakened
  2127 | D:3      | Noticed Robin
  2134 | D:3      | Reached skill level 5 in Long Blades
  2145 | D:3      | Killed Robin
  2935 | D:3      | Found a stormy altar of Qazlal.
  2935 | D:3      | Found a radiant altar of Vehumet.
  3128 | D:4      | Got a pair of bloodstained boots
  3139 | D:4      | Identified the +1 pair of boots "Wuekad" {Int+2 Dex+5} (You found it on level 4 of the Dungeon)
  3207 | D:4      | Found Fuliazia's Antique Weapon Boutique.
  3236 | D:4      | Gained mutation: You cannot drink potions while threatened. [Ru sacrifice]
  3236 | D:4      | Reached * piety under Ru
  3278 | D:4      | Reached XP level 7. HP: 54/54 MP: 7/7
  3462 | D:4      | HP: 1/55 [ogre/giant club (19)]
  3766 | D:4      | Reached skill level 6 in Long Blades
  4096 | D:4      | Found Erobuohu's Weapon Boutique.
  4278 | D:5      | Entered Level 5 of the Dungeon
  4717 | D:5      | Reached skill level 5 in Dodging
  4762 | D:5      | Found a staircase to the Ecumenical Temple.
  4795 | D:5      | Reached XP level 8. HP: 58/61 MP: 8/8
  4805 | D:5      | Found Qudo's Magic Scroll Shop.
  4822 | D:5      | Reached skill level 5 in Fighting
  4893 | D:5      | Found Mikueki's General Store.
  4949 | D:5      | Found Paewneog's Food Shoppe.
  5137 | D:6      | Reached skill level 7 in Long Blades
  5368 | D:6      | Noticed a hornet
  5371 | D:6      | Paralysed by a hornet for 2 turns
  5385 | D:6      | Paralysed by a hornet for 2 turns
  5389 | D:6      | Killed a hornet
  5833 | D:6      | Found a blossoming altar of Fedhas.
  5962 | D:6      | Found an ornate altar of the Wu Jian Council.
  6109 | D:6      | Reached skill level 8 in Long Blades
  6370 | D:6      | Reached XP level 9. HP: 67/69 MP: 7/9
  6765 | D:7      | Found a glowing golden altar of the Shining One.
  6799 | D:7      | Found a runed gate.
  6799 | D:7      | Found a runed gate.
  6799 | D:7      | Found a runed gate.
  6803 | D:7      | Noticed Orthose's ghost (novice MiFi)
  6872 | D:7      | Found a shadowy altar of Dithmenos.
  6889 | D:7      | Gained mutation: You are hated by all. [Ru sacrifice]
  6889 | D:7      | Reached ** piety under Ru
  7615 | D:8      | Reached skill level 9 in Long Blades
  7747 | D:8      | You fall through a shaft for 2 floors!
  7747 | D:10     | Entered Level 10 of the Dungeon
  8079 | D:9      | Noticed a two-headed ogre
  8143 | D:9      | Killed a two-headed ogre
  8143 | D:9      | Gained mutation: You regenerate a little health from kills. [demonic ancestry]
  8143 | D:9      | Reached XP level 10. HP: 6/79 MP: 2/10
  8537 | D:9      | Noticed a two-headed ogre
  8631 | D:8      | Got a scintillating zirconium amulet
  8635 | D:8      | Identified the amulet "Kebeoret" {Spirit rF- rN+ Int+7} (You found it on level 8 of the Dungeon)
  8678 | D:8      | Reached skill level 10 in Long Blades
  9620 | D:10     | Found a staircase to the Lair.
  9920 | D:10     | Reached skill level 11 in Long Blades
 10334 | D:11     | Got a sparkling garnet amulet
 10413 | D:11     | Noticed a green ugly thing
 10413 | D:11     | Noticed Josephine
 10499 | Lair:1   | Entered Level 1 of the Lair of Beasts
 10716 | Lair:1   | Gained mutation: You are completely covered in icy blue scales. (AC +4, rC+) [demonic ancestry]
 10716 | Lair:1   | Reached XP level 11. HP: 72/87 MP: 9/11
 11806 | Lair:1   | Identified the amulet of Optimism {+Rage rElec Str+4 Dex+3} (You found it on level 11 of the Dungeon)
 12243 | Lair:2   | Noticed Sonja
 12266 | Lair:2   | Cast into level 1 of the Abyss (Sonja)
 12311 | Abyss:1  | Reached skill level 12 in Long Blades
 12437 | Abyss:1  | Noticed a thrashing horror
 12443 | Abyss:1  | Killed a thrashing horror
 12484 | Abyss:1  | Noticed a large abomination
 12502 | Abyss:1  | Noticed a wretched star
 12504 | Abyss:1  | Noticed a large abomination
 12520 | Abyss:1  | Noticed a bone dragon
 12526 | Abyss:1  | Found a corrupted altar of Lugonu.
 12541 | Abyss:1  | Killed an unseen horror
 12554 | Lair:2   | Escaped the Abyss
 12558 | Lair:2   | HP: 5/135 [poisoned by Sonja (curare-tipped needle)]
 12559 | Lair:2   | HP: 1/135 [bone dragon (3)]
 12559 | Lair:2   | Asphyxiated

Vault maps used:
D:1:      dpeg_arrival_snail, corner_web_ring
D:2:      cheibriados_altar_1, overflow_temple_1_default, serial_corexii_hall,
          corexii_hall_statues_t, corexii_hall_statues_i,
          corexii_hall_statues_s, corexii_hall_statues_x, uniq_jessica
D:3:      bloody_trog, nicolae_ru_great_annihilating_truth,
          amethyst_overflow_temple_binary, serial_bayou, serial_bayou_lagoon_b,
          serial_bayou_lake_a, serial_bayou_ford_a, serial_bayou_pond_d,
          grunt_ministairs_2, kennysheep_pointless_box, uniq_robin,
          uniq_grinder, uniq_natasha
D:4:      serial_shops, nicolae_shop_waterfront, kennysheep_mini
D:5:      minmay_temple_entry_butterflies, first_ration, serial_shops, shop,
          nicolae_shop_window_shopping, nicolae_shop_statue_plus
D:6:      kennysheep_little_box, nicolae_overflow_crystal_walls
D:7:      marbit_many_paths, basic_altar, ebering_ghost_rock_garden
D:8:      wad_crossroads
D:10:     minmay_lair_entry_lava
D:11:     lab_entry_generic, uniq_josephine
Lair:2:   wad_woods_03, grunt_megastairs_4, lemuel_fruit_fields, uniq_sonja

Skill      XL: |  1  2  3  4  5  6  7  8  9 10 11 |
---------------+----------------------------------+-----
Long Blades    | 3 4 5 6 8 9 11 12 | 12.3
Dodging        | 3 4 5 6 7 8 9 |  9.2
Fighting       | 3 4 6 7 8 9 |  9.7
Throwing       | |  1.7

Action                   |  1- 3 |  4- 6 |  7- 9 | 10-12 || total
-------------------------+-------+-------+-------+-------++-------
Melee: Long sword        |    50 |    94 |   367 |    64 ||   575
       Great sword       |       |       |       |   196 ||   196
Invok: Sacrifice Drink   |       |     1 |       |       ||     1
       Sacrifice Love    |       |       |     1 |       ||     1
 Abil: Evoke Berserk Rag |       |       |       |     2 ||     2
  Use: Scroll            |       |     5 |       |    16 ||    21
       Potion            |       |       |       |     1 ||     1
 Stab: Invisible         |       |     1 |       |       ||     1
       Paralysed         |       |     1 |       |       ||     1
       Distracted        |       |       |     1 |       ||     1
  Eat: Chunk             |     1 |     4 |    15 |    11 ||    31
       Ration            |       |     1 |       |     2 ||     3
Armor: Ring mail         |    17 |    19 |       |       ||    36
       Chain mail        |       |    20 |    93 |       ||   113
       Plate armour      |       |       |   100 |   179 ||   279
Dodge: Dodged            |    30 |    37 |   137 |   145 ||   349
       Rpst.: Long sword |     9 |     8 |    39 |     5 ||    61
       Great sword       |       |       |       |    26 ||    26

Table legend:
 A = Spawn XP
 B = Non-spawn XP
 C = Spawn XP percentage of total XP
 D = Spawn monster count
 E = Non-spawn monster count
 F = Spawn count percentage of total count
 G = Total turns spent on level
                    A         B        C        D         E        F      G
               +---------+---------+-------+---------+---------+-------+---------
         Total |    2156 |   16243 |  11.7 |       4 |     250 |   1.6 | 12559
               +---------+---------+-------+---------+---------+-------+---------
           D:1 |       0 |      35 |   0.0 |       0 |      14 |   0.0 |   907
           D:2 |       0 |      67 |   0.0 |       0 |      12 |   0.0 |   552
           D:3 |       0 |     450 |   0.0 |       0 |      31 |   0.0 |  1878
           D:4 |       0 |     700 |   0.0 |       0 |      23 |   0.0 |  1193
           D:5 |       0 |     436 |   0.0 |       0 |      19 |   0.0 |   593
           D:6 |       0 |    1294 |   0.0 |       0 |      37 |   0.0 |  1521
           D:7 |       0 |     249 |   0.0 |       0 |       7 |   0.0 |   674
           D:8 |       0 |    1240 |   0.0 |       0 |      24 |   0.0 |   731
           D:9 |       0 |    2156 |   0.0 |       0 |      12 |   0.0 |  1290
          D:10 |       0 |    3267 |   0.0 |       0 |      33 |   0.0 |  1016
          D:11 |       0 |     494 |   0.0 |       0 |      10 |   0.0 |   144
        Lair:1 |       0 |    3056 |   0.0 |       0 |      15 |   0.0 |  1501
        Lair:2 |       0 |    2066 |   0.0 |       0 |       9 |   0.0 |   271
       Abyss:1 |    2156 |     733 |  74.6 |       4 |       4 |  50.0 |   288
               +---------+---------+-------+---------+---------+-------+---------
